Warning! The script has encountered some errors when parsing the replay. Please report them to the . » details
0x6C, prev: 0x19: 19 61 [6C] 62 4F 01 55 00 00 0F F4 00 00
0x4F, prev: 0x6C: 19 61 6C 62 [4F] 01 55 00 00 0F F4 00 00
0x55, prev: 0x4F: 19 61 6C 62 4F 01 [55] 00 00 0F F4 00 00
0x00, prev: 0x55: 19 61 6C 62 4F 01 55 00 [00] 0F F4 00 00
0xF4, prev: 0x00: 19 61 6C 62 4F 01 55 00 00 0F [F4] 00 00
0x00, prev: 0xF4: 19 61 6C 62 4F 01 55 00 00 0F F4 00 [00]
General information
- name: BNet
- type: Ladder team game (AT/RT)
- host: Battle.net
- saver: GLHF.Lemonparty
map: MarketSquare
- players: 8
- length: 56:33
- speed: Fast
- version: 1.26 W3XP
- replay type: Public
» download(236 KB)
Players
team 1 (winner)
Gnomie (
red | 28 APM | 199 actions | 07:13)
2 Archmage
1 Summon Water Elemental
1 Brilliance Aura
» actions
| Build / train | 16 | |
| Enter build submenu | 12 | |
| Enter hero's abilities submenu | 2 | |
| Remove unit from queue | 1 | |
| Right click | 66 | |
| Select / deselect | 76 | |
| Use ability | 26 | |
199 total
» units
» upgrades
» buildings
| Altar of Kings | 1 | |
| Farm | 4 | |
| Lumber Mill | 1 | |
| Arcane Vault | 1 | |
| Keep | 1 | |
| Blacksmith | 1 | |
| Scout Tower | 1 | |
| Arcane Tower | 1 | |
| Gryphon Aviary | 3 | |
14 total
» build order
00:05 Altar of Kings
00:13 Farm
00:22 Farm
01:30 Lumber Mill
01:38 Farm
02:54 Arcane Vault
03:02 Farm
03:14 Keep
04:07 Blacksmith
04:10 Scout Tower
05:25 Arcane Tower
05:52 Gryphon Aviary
05:57 Gryphon Aviary
06:02 Gryphon Aviary
100PercentBlack (
orange | 39 APM | 2199 actions | 56:33)
10 Blademaster
3 Wind Walk
3 Critical Strike
1 Bladestorm
3 Mirror Image
» actions
| Assign group hotkey | 102 | |
| Basic commands | 15 | |
| Build / train | 121 | |
| Enter build submenu | 36 | |
| Enter hero's abilities submenu | 9 | |
| Give item / drop item | 7 | |
| Remove unit from queue | 4 | |
| Right click | 990 | |
| Select / deselect | 417 | |
| Select group hotkey | 309 | |
| Use ability | 189 | |
2199 total
» units
| Peon | 12 | |
| Grunt | 5 | |
| Wind Rider | 19 | |
| Troll Batrider | 5 | |
| Hippogryph | 12 | |
| Dryad | 23 | |
| Chimaera | 4 | |
| Glaive Thrower | 3 | |
83 total
» upgrades
| Ranged Weapons | 3 | |
| Armor | 3 | |
| Reinforced Defenses | 1 | |
| Envenomed Spears | 1 | |
| Liquid Fire | 1 | |
| Troll Regeneration | 1 | |
| Strength of the Wild | 1 | |
| Reinforced Hides | 2 | |
| Well Spring | 1 | |
| Ultravision | 1 | |
| Spiked Barricades | 1 | |
| Strength of the Moon | 1 | |
17 total
» buildings
| Altar of Storms | 1 | |
| Orc Burrow | 7 | |
| Barracks | 1 | |
| Voodoo Lounge | 1 | |
| Stronghold | 1 | |
| War Mill | 1 | |
| Beastiary | 6 | |
| Great Hall | 5 | |
| Watch Tower | 21 | |
| Fortress | 1 | |
45 total
» build order
00:28 Altar of Storms
00:37 Orc Burrow
01:09 Barracks
01:26 Orc Burrow
01:55 Voodoo Lounge
02:49 Orc Burrow
03:32 Stronghold
04:36 War Mill
06:07 Beastiary
06:08 Beastiary
06:57 Great Hall
10:51 Watch Tower
10:52 Watch Tower
10:52 Watch Tower
10:54 Watch Tower
10:54 Watch Tower
10:55 Watch Tower
11:36 Watch Tower
11:37 Watch Tower
16:32 Watch Tower
16:32 Watch Tower
16:32 Watch Tower
16:35 Fortress
24:14 Great Hall
25:34 Great Hall
28:33 Great Hall
31:24 Beastiary
31:27 Beastiary
31:29 Beastiary
31:31 Beastiary
31:59 Orc Burrow
32:00 Orc Burrow
32:03 Orc Burrow
32:05 Orc Burrow
43:51 Watch Tower
43:52 Watch Tower
43:53 Watch Tower
43:53 Watch Tower
43:54 Watch Tower
43:55 Watch Tower
43:56 Watch Tower
43:57 Watch Tower
43:57 Watch Tower
43:58 Watch Tower
52:53 Great Hall
» items
| Healing Salve | 1 | |
| Boots of Speed | 1 | |
| Staff of Teleportation | 1 | |
| Periapt of Vitality | 2 | |
| Orb of Lightning | 1 | |
6 total
PlP_Miyagi (
blue | 39 APM | 698 actions | 18:04)
4 Demon Hunter
2 Mana Burn
2 Evasion
2 Naga Sea Witch
1 Frost Arrows
1 Forked Lightning
» actions
| Assign group hotkey | 8 | |
| Basic commands | 1 | |
| Build / train | 47 | |
| Enter build submenu | 14 | |
| Enter hero's abilities submenu | 6 | |
| Remove unit from queue | 1 | |
| Right click | 367 | |
| Select / deselect | 192 | |
| Select group hotkey | 28 | |
| Use ability | 34 | |
698 total
» units
| Wisp | 12 | |
| Huntress | 5 | |
| Dryad | 2 | |
| Druid of the Claw | 6 | |
| Gryphon Rider | 1 | |
| Dragonhawk Rider | 3 | |
29 total
» upgrades
| Druid of the Claw Training | 2 | |
| Abolish Magic | 1 | |
| Strength of the Wild | 2 | |
| Mark of the Claw | 1 | |
| Reinforced Hides | 1 | |
7 total
» buildings
| Altar of Elders | 1 | |
| Moon Well | 6 | |
| Hunter's Hall | 1 | |
| Ancient of War | 1 | |
| Tree of Ages | 1 | |
| Tree of Eternity | 1 | |
| Ancient of Lore | 2 | |
| Farm | 1 | |
14 total
» build order
00:10 Altar of Elders
00:21 Moon Well
01:28 Hunter's Hall
02:07 Ancient of War
02:41 Moon Well
04:08 Tree of Ages
05:51 Moon Well
05:56 Moon Well
06:32 Tree of Eternity
06:39 Ancient of Lore
06:48 Ancient of Lore
10:33 Moon Well
11:28 Moon Well
15:15 Farm

»
Zeus12 (
green | 50 APM | 1312 actions | 26:25)
4 Warden
2 Fan of Knives
1 Shadow Strike
1 Blink
1 Archmage
1 Brilliance Aura
1 Priestess of the Moon
1 Trueshot Aura
» actions
| Build / train | 99 | |
| Enter build submenu | 27 | |
| Enter hero's abilities submenu | 7 | |
| Remove unit from queue | 1 | |
| Right click | 764 | |
| Select / deselect | 342 | |
| Use ability | 72 | |
1312 total
» units
| Wisp | 20 | |
| Archer | 5 | |
| Huntress | 4 | |
| Dragonhawk Rider | 2 | |
| Faerie Dragon | 4 | |
| Gryphon Rider | 4 | |
| Dryad | 11 | |
| Chimaera | 3 | |
| Hippogryph | 7 | |
60 total
» upgrades
| Strength of the Moon | 2 | |
| Moon Armor | 2 | |
| Lumber Harvesting | 2 | |
| Swords | 2 | |
| Armor | 2 | |
| Sentinel | 1 | |
| Abolish Magic | 1 | |
| Storm Hammers | 1 | |
| Corrosive Breath | 1 | |
| Strength of the Wild | 2 | |
| Reinforced Hides | 1 | |
17 total
» buildings
| Altar of Elders | 1 | |
| Ancient of War | 2 | |
| Moon Well | 7 | |
| Ancient of Wonders | 2 | |
| Hunter's Hall | 1 | |
| Tree of Ages | 1 | |
| Guard Tower | 2 | |
| Ancient of Wind | 1 | |
| Ancient of Lore | 1 | |
| Castle | 1 | |
| Farm | 3 | |
| Tree of Eternity | 1 | |
| Tree of Life | 1 | |
| Chimaera Roost | 2 | |
| Scout Tower | 1 | |
| Ancient Protector | 2 | |
29 total
» build order
00:34 Altar of Elders
00:38 Ancient of War
00:47 Moon Well
01:49 Ancient of Wonders
02:04 Moon Well
02:29 Ancient of War
03:08 Hunter's Hall
03:58 Moon Well
04:39 Tree of Ages
05:45 Moon Well
06:10 Moon Well
07:35 Guard Tower
08:38 Ancient of Wind
08:46 Ancient of Lore
08:59 Castle
09:23 Farm
09:32 Tree of Eternity
09:39 Tree of Life
11:31 Farm
12:16 Chimaera Roost
12:21 Chimaera Roost
12:28 Moon Well
12:40 Moon Well
13:05 Scout Tower
13:14 Farm
17:34 Ancient Protector
17:37 Ancient Protector
17:45 Guard Tower
22:48 Ancient of Wonders
» items
| Lesser Clarity Potion | 3 | |
| Dust of Appearance | 1 | |
| Moonstone | 2 | |
| Scroll of Town Portal | 1 | |
| Orb of Venom | 1 | |
8 total
team 2 (loser)
GLHF.Lemonparty (
pink | 53 APM | 3019 actions | 56:33)
7 Death Knight
3 Death Coil
3 Unholy Aura
1 Animate Dead
9 Dreadlord
3 Sleep
3 Vampiric Aura
1 Inferno
2 Carrion Swarm
» actions
| Assign group hotkey | 161 | |
| Basic commands | 76 | |
| Build / train | 164 | |
| ESC pressed | 3 | |
| Enter build submenu | 48 | |
| Enter hero's abilities submenu | 17 | |
| Give item / drop item | 9 | |
| Remove unit from queue | 4 | |
| Right click | 960 | |
| Select / deselect | 855 | |
| Select group hotkey | 531 | |
| Select subgroup | 2 | |
| Use ability | 184 | |
3019 total
» units
| Acolyte | 12 | |
| Ghoul | 7 | |
| Crypt Fiend | 29 | |
| Obsidian Statue | 13 | |
| Frost Wyrm | 6 | |
| Abomination | 3 | |
| Gargoyle | 2 | |
72 total
» upgrades
| Creature Attack | 3 | |
| Creature Carapace | 3 | |
| Web | 1 | |
| Destroyer Form | 1 | |
| Backpack | 1 | |
| Burrow | 1 | |
| Ghoul Frenzy | 1 | |
| Unholy Armor | 3 | |
| Unholy Strength | 3 | |
| Disease Cloud | 1 | |
| Exhume Corpses | 1 | |
| Cannibalize | 1 | |
| Stone Form | 1 | |
| Necromancer Training | 2 | |
| Banshee Training | 2 | |
| Skeletal Mastery | 1 | |
| Skeletal Longevity | 1 | |
| Freezing Breath | 1 | |
28 total
» buildings
| Altar of Darkness | 2 | |
| Ziggurat | 29 | |
| Graveyard | 5 | |
| Crypt | 3 | |
| Nerubian Tower | 2 | |
| Spirit Tower | 15 | |
| Halls of the Dead | 3 | |
| Tomb of Relics | 2 | |
| Black Citadel | 3 | |
| Slaughterhouse | 4 | |
| Tree of Life | 1 | |
| Sacrificial Pit | 1 | |
| Temple of the Damned | 4 | |
| Boneyard | 3 | |
| Necropolis | 2 | |
79 total
» build order
00:08 Altar of Darkness
00:09 Ziggurat
00:38 Graveyard
00:42 Graveyard
01:05 Crypt
01:08 Nerubian Tower
01:30 Ziggurat
02:23 Spirit Tower
04:56 Halls of the Dead
04:59 Tomb of Relics
05:12 Ziggurat
06:53 Spirit Tower
08:53 Black Citadel
09:51 Slaughterhouse
09:53 Slaughterhouse
12:31 Ziggurat
12:33 Ziggurat
12:38 Ziggurat
12:39 Ziggurat
12:40 Ziggurat
12:42 Ziggurat
13:52 Spirit Tower
13:52 Spirit Tower
13:54 Spirit Tower
13:54 Spirit Tower
13:54 Spirit Tower
23:39 Tree of Life
27:13 Ziggurat
27:15 Ziggurat
27:16 Ziggurat
27:17 Ziggurat
27:18 Ziggurat
27:19 Ziggurat
29:54 Spirit Tower
29:55 Spirit Tower
32:20 Sacrificial Pit
32:44 Temple of the Damned
32:46 Temple of the Damned
34:09 Boneyard
35:12 Graveyard
37:05 Necropolis
37:43 Tomb of Relics
38:51 Ziggurat
38:52 Ziggurat
38:53 Ziggurat
38:56 Ziggurat
38:57 Ziggurat
38:59 Ziggurat
39:05 Halls of the Dead
39:48 Spirit Tower
40:00 Spirit Tower
40:01 Spirit Tower
40:06 Ziggurat
40:12 Graveyard
41:14 Nerubian Tower
41:34 Black Citadel
43:22 Necropolis
45:20 Halls of the Dead
48:16 Black Citadel
48:18 Ziggurat
48:21 Ziggurat
48:23 Ziggurat
48:25 Ziggurat
51:04 Altar of Darkness
51:06 Boneyard
51:08 Boneyard
51:18 Slaughterhouse
51:19 Slaughterhouse
51:24 Temple of the Damned
51:25 Temple of the Damned
51:46 Crypt
51:49 Graveyard
51:57 Spirit Tower
54:37 Crypt
55:06 Ziggurat
55:11 Ziggurat
55:24 Ziggurat
56:24 Spirit Tower
» items
| Potion of Healing | 2 | |
| Scroll of Town Portal | 3 | |
| Boots of Speed | 2 | |
| Staff of Teleportation | 1 | |
| Orb of Corruption | 4 | |
| Dust of Appearance | 2 | |
| Scroll of Healing | 3 | |
| Circlet of Nobility | 1 | |
18 total
MEXICANS-SMELL (
purple | 43 APM | 1903 actions | 43:55)
8 Mountain King
3 Storm Bolt
3 Bash
1 Avatar
1 Thunder Clap
2 Firelord
2 Summon Lava Spawn
» actions
| Assign group hotkey | 26 | |
| Basic commands | 175 | |
| Build / train | 90 | |
| Enter build submenu | 19 | |
| Enter hero's abilities submenu | 11 | |
| Give item / drop item | 5 | |
| Right click | 665 | |
| Select / deselect | 332 | |
| Select group hotkey | 478 | |
| Use ability | 100 | |
1903 total
» units
| Peasant | 14 | |
| Footman | 6 | |
| Gryphon Rider | 5 | |
| Siege Engine | 3 | |
| Mortar Team | 7 | |
35 total
» upgrades
| Masonry | 3 | |
| Swords | 3 | |
| Armor | 2 | |
| Lumber Harvesting | 1 | |
| Storm Hammers | 1 | |
| Animal War Training | 1 | |
| Barrage | 1 | |
| Gunpowder | 1 | |
| Plating | 1 | |
14 total
» buildings
| Altar of Kings | 1 | |
| Barracks | 1 | |
| Farm | 12 | |
| Scout Tower | 19 | |
| Arcane Tower | 1 | |
| Arcane Vault | 1 | |
| Keep | 2 | |
| Lumber Mill | 1 | |
| Blacksmith | 1 | |
| Guard Tower | 8 | |
| Castle | 1 | |
| Town Hall | 1 | |
| Gryphon Aviary | 3 | |
| Workshop | 2 | |
54 total
» build order
00:11 Altar of Kings
00:25 Barracks
00:37 Farm
00:52 Farm
01:33 Farm
01:53 Scout Tower
02:23 Arcane Tower
02:35 Farm
02:42 Arcane Vault
03:16 Keep
03:17 Keep
03:28 Lumber Mill
04:12 Blacksmith
04:16 Farm
04:16 Farm
04:17 Farm
05:13 Scout Tower
05:14 Scout Tower
05:15 Scout Tower
05:16 Scout Tower
05:17 Scout Tower
05:18 Scout Tower
05:49 Scout Tower
05:50 Scout Tower
05:50 Scout Tower
05:52 Scout Tower
05:53 Scout Tower
06:27 Guard Tower
06:30 Castle
07:06 Farm
07:07 Farm
07:08 Farm
07:08 Farm
07:09 Farm
07:37 Town Hall
07:41 Scout Tower
07:41 Scout Tower
07:41 Scout Tower
07:56 Guard Tower
08:02 Gryphon Aviary
08:05 Gryphon Aviary
08:06 Gryphon Aviary
08:33 Guard Tower
09:21 Guard Tower
10:14 Scout Tower
10:15 Scout Tower
10:15 Scout Tower
10:15 Scout Tower
10:50 Guard Tower
12:01 Guard Tower
12:33 Guard Tower
12:45 Workshop
12:46 Workshop
» items
| Scroll of Regeneration | 3 | |
| Scroll of Healing | 1 | |
| Staff of Teleportation | 1 | |
| Potion of Lesser Invulnerability | 1 | |
| Staff of Sanctuary | 1 | |
| Scroll of Town Portal | 4 | |
11 total

»
The_Turtle (
teal | 64 APM | 1311 actions | 20:38)
6 Demon Hunter
2 Mana Burn
3 Evasion
1 Metamorphosis
» actions
| Assign group hotkey | 23 | |
| Basic commands | 45 | |
| Build / train | 72 | |
| Enter build submenu | 15 | |
| Enter hero's abilities submenu | 7 | |
| Right click | 312 | |
| Select / deselect | 446 | |
| Select group hotkey | 320 | |
| Use ability | 67 | |
1311 total
» units
| Wisp | 17 | |
| Archer | 6 | |
| Huntress | 3 | |
| Druid of the Claw | 7 | |
| Hippogryph | 9 | |
42 total
» upgrades
| Strength of the Wild | 3 | |
| Reinforced Hides | 3 | |
| Ultravision | 1 | |
| Druid of the Claw Training | 2 | |
| Well Spring | 2 | |
| Mark of the Claw | 1 | |
12 total
» buildings
| Altar of Elders | 2 | |
| Moon Well | 7 | |
| Ancient of War | 1 | |
| Tree of Ages | 1 | |
| Hunter's Hall | 1 | |
| Ancient of Wonders | 1 | |
| Tree of Eternity | 1 | |
| Ancient of Lore | 2 | |
| Tree of Life | 1 | |
| Ancient of Wind | 1 | |
18 total
» build order
00:12 Altar of Elders
00:20 Moon Well
00:35 Ancient of War
01:37 Moon Well
02:31 Tree of Ages
02:49 Moon Well
03:05 Hunter's Hall
04:06 Ancient of Wonders
04:08 Moon Well
04:57 Tree of Eternity
05:29 Ancient of Lore
05:30 Ancient of Lore
06:35 Moon Well
06:36 Moon Well
06:37 Moon Well
07:40 Tree of Life
13:42 Ancient of Wind
20:02 Altar of Elders
» items
| Orb of Venom | 1 | |
| Potion of Healing | 3 | |
| Dust of Appearance | 1 | |
5 total
TOMBOY_LESBlAN (
yellow | 6 APM | 316 actions | 56:23)
1 Archmage
1 Summon Water Elemental
» actions
| Build / train | 40 | |
| Enter build submenu | 25 | |
| Enter hero's abilities submenu | 1 | |
| Right click | 102 | |
| Select / deselect | 118 | |
| Use ability | 28 | |
316 total
» units
» buildings
| Farm | 4 | |
| Altar of Kings | 1 | |
| Scout Tower | 14 | |
| Lumber Mill | 3 | |
| Guard Tower | 14 | |
| Keep | 1 | |
| Town Hall | 1 | |
38 total
» build order
00:47 Farm
00:53 Altar of Kings
01:58 Farm
02:01 Farm
02:32 Farm
05:42 Scout Tower
05:46 Scout Tower
05:51 Lumber Mill
08:34 Guard Tower
08:40 Scout Tower
08:40 Scout Tower
08:44 Scout Tower
08:45 Scout Tower
08:52 Scout Tower
09:16 Guard Tower
09:16 Guard Tower
09:16 Guard Tower
09:19 Scout Tower
09:19 Scout Tower
09:20 Scout Tower
09:25 Guard Tower
09:26 Guard Tower
09:30 Scout Tower
09:48 Scout Tower
09:52 Scout Tower
09:55 Guard Tower
09:55 Guard Tower
10:07 Scout Tower
10:08 Guard Tower
10:08 Guard Tower
10:09 Guard Tower
12:18 Guard Tower
12:47 Lumber Mill
12:54 Lumber Mill
14:54 Keep
27:58 Town Hall
Chat log
(00:31 / All) TOMBOY_LESBlAN: we not workin hard
(00:38 / All) TOMBOY_LESBlAN: yeah pictured that with a kodak
(00:41 / Allies) MEXICANS-SMELL: griffs mk
(00:50 / Allies) GLHF.Lemonparty: fiends/destroyer
(00:58 / All) The_Turtle: dryads
(01:01 / All) The_Turtle: :)
(01:04 / Allies) The_Turtle: jk
(01:07 / Allies) The_Turtle: bears
(01:15 / Allies) MEXICANS-SMELL: dotn get dryads they suck
(01:21 / Allies) The_Turtle: im not
(01:24 / Allies) GLHF.Lemonparty: dryads are shit go bears
(01:34 / All) TOMBOY_LESBlAN: as a french canadian
(01:40 / All) TOMBOY_LESBlAN: i belive we should sleep
(01:43 / All) TOMBOY_LESBlAN: and do nothing
(01:46 / All) MEXICANS-SMELL: that u chode?
(02:00 / All) PlP_Miyagi: vous parlez francais ?
(02:02 / All) MEXICANS-SMELL: louis?
(02:06 / All) GLHF.Lemonparty: le boner jour
(02:07 / All) TOMBOY_LESBlAN: oui je parle français
(02:11 / All) 100PercentBlack: Je palle un peau
(02:15 / All) PlP_Miyagi: moi aussi
(02:18 / All) TOMBOY_LESBlAN: je viens du québec
(02:57 / All) PlP_Miyagi: je suis de philadelphie
(03:16 / All) TOMBOY_LESBlAN: my cousin is from philie
(03:23 / All) TOMBOY_LESBlAN: she goes to u of phy
(03:25 / All) PlP_Miyagi: ou?
(03:28 / All) TOMBOY_LESBlAN: for her doctorate
(03:33 / All) TOMBOY_LESBlAN: in biology
(03:43 / Allies) MEXICANS-SMELL: gold nigga
(03:58 / All) TOMBOY_LESBlAN: me im going to université de montréal
(04:24 / Allies) The_Turtle: WTF
(04:39 / All) PlP_Miyagi: thats cool
(04:47 / Allies) GLHF.Lemonparty: pro creeping imo
(04:52 / Allies) GLHF.Lemonparty: ty for resources yellow
(05:19 / Allies) The_Turtle: more yellow please
(05:31 / Allies) The_Turtle: ty
(06:04 / All) TOMBOY_LESBlAN: are you going to u of p
(06:14 / All) PlP_Miyagi: no but i have freinds ther
(06:30 / All) TOMBOY_LESBlAN: université de montréal is not the best
(06:34 / All) TOMBOY_LESBlAN: 66th in the world
(06:37 / All) TOMBOY_LESBlAN: when u of p is 13th
(06:54 / Allies) MEXICANS-SMELL: wood nigga
(07:07 / All) TOMBOY_LESBlAN: but mc gill university in montreal is at 16th in world rank
(07:24 / Allies) MEXICANS-SMELL: take this mine ho
(07:36 / Allies) TOMBOY_LESBlAN: he's not with us
(07:51 / Allies) The_Turtle: yellow resources please
(08:06 / Allies) The_Turtle: ty
(08:49 / Allies) The_Turtle: wood?
(09:40 / All) TOMBOY_LESBlAN: ur not going to univeristy?
(10:24 / Allies) MEXICANS-SMELL: wood
(10:25 / All) TOMBOY_LESBlAN: PIY
(10:47 / All) MEXICANS-SMELL: next time blue, ur hero is dead
(10:54 / All) PlP_Miyagi: stfu
(10:58 / Allies) The_Turtle: gold?
(11:00 / All) MEXICANS-SMELL: mark my words ur going down
(11:06 / All) GLHF.Lemonparty: kill yourself, blue. you are a worthless disgrace to the gene pool
(11:09 / All) PlP_Miyagi: suck on my jawn pussy
(11:19 / Allies) TOMBOY_LESBlAN: ?
(11:41 / All) MEXICANS-SMELL: the fuck is a jawn
(12:15 / Allies) TOMBOY_LESBlAN: WHO NEEDS SOMETHING
(12:20 / Allies) GLHF.Lemonparty: wood please
(12:20 / Allies) MEXICANS-SMELL: wood
(13:13 / Allies) MEXICANS-SMELL: creep something else nigga hit bot right expo
(13:16 / Allies) The_Turtle: gold?
(13:48 / Allies) MEXICANS-SMELL: tower
(14:57 / Allies) The_Turtle: ylloew u almost out of trees lol
(15:06 / Allies) TOMBOY_LESBlAN: WHO NEEDS SOMETHING
(15:29 / Allies) The_Turtle: b
(15:30 / Allies) The_Turtle: b
(15:51 / Allies) The_Turtle: B
(16:42 / Allies) MEXICANS-SMELL: BACK
(16:43 / Allies) MEXICANS-SMELL: HIT GREEN
(16:51 / Allies) MEXICANS-SMELL: DONT HIT ORANGE
(17:12 / Allies) MEXICANS-SMELL: DONT HIT ORANGE
(17:14 / Allies) MEXICANS-SMELL: GO NEXT BASE
(17:43 / All) PlP_Miyagi: GG
(17:48 / All) MEXICANS-SMELL: LEAVE FAGGOT
(17:49 / All) GLHF.Lemonparty: gg, eat shit and die
(17:50 / All) MEXICANS-SMELL: U GOT RAPED
(18:32 / Allies) The_Turtle: tp please
(18:33 / Allies) The_Turtle: som1
(18:42 / Allies) The_Turtle: please
(18:43 / Allies) The_Turtle: purp
(19:05 / All) MEXICANS-SMELL: LEAVE BARS pinks, bears
(19:08 / All) MEXICANS-SMELL: oj can have them
(19:08 / Allies) The_Turtle: wtf
(19:31 / All) MEXICANS-SMELL: i dont thiink yellow cares for win
(20:04 / All) 100PercentBlack: nice fan on building
(20:35 / All) MEXICANS-SMELL: teal is a little confused
(20:42 / All) GLHF.Lemonparty: and a little angry
(20:45 / All) 100PercentBlack: shit lawl
(20:50 / All) 100PercentBlack: my hero was unresponsive
(20:57 / All) GLHF.Lemonparty: hate that bug
(20:58 / All) MEXICANS-SMELL: rez at tavern
(21:01 / All) 100PercentBlack: yeah
(21:55 / All) MEXICANS-SMELL: green is roughing pink up!
(22:15 / All) GLHF.Lemonparty: Noob elf prayers are so pro
(22:52 / All) MEXICANS-SMELL: i believe its yellows time to die hes afk
(23:07 / All) MEXICANS-SMELL: i told u he did nothing but feed
(23:38 / All) Zeus12: this is the dumbest game ever
(23:44 / All) GLHF.Lemonparty: stfu noob elf
(24:03 / All) GLHF.Lemonparty: stabbing noob elf is most fun because of detonate
(25:24 / All) 100PercentBlack: I have two pendants of energy
(26:04 / All) GLHF.Lemonparty: rape
(26:20 / All) GLHF.Lemonparty: get the fuck out green
(26:21 / All) MEXICANS-SMELL: zeus got raped
(26:24 / All) MEXICANS-SMELL: by poseidon
(26:25 / All) GLHF.Lemonparty: leave and castrate yourself
(26:51 / All) MEXICANS-SMELL: yel is 6-11 he doesnt care
(26:52 / All) GLHF.Lemonparty: yellow is still in-game probably afk
(26:54 / All) MEXICANS-SMELL: lrets just screw around
(26:55 / All) 100PercentBlack: I hate women that dress like men
(27:01 / All) 100PercentBlack: What the fuck is up with that
(27:06 / All) 100PercentBlack: Butch dykes
(27:09 / All) 100PercentBlack: They are inferior men
(27:13 / All) 100PercentBlack: how do they pull pussy
(27:17 / All) 100PercentBlack: I'll never understand it
(28:54 / Allies) TOMBOY_LESBlAN: yes?
(28:59 / Allies) TOMBOY_LESBlAN: wtf ...
(29:04 / All) GLHF.Lemonparty: yellow, shut the fuck up you french fuck
(29:05 / All) MEXICANS-SMELL: go away let me creep this
(29:07 / All) MEXICANS-SMELL: go away
(29:15 / All) MEXICANS-SMELL: nvm he took it
(29:20 / All) MEXICANS-SMELL: damn bm
(29:21 / All) GLHF.Lemonparty: I just want items
(29:42 / All) MEXICANS-SMELL: turncoat always just takes the items and leaves other creeps
(30:04 / All) GLHF.Lemonparty: out, yellow. go be french somewhere else
(32:02 / Allies) TOMBOY_LESBlAN: who need gold
(32:08 / All) GLHF.Lemonparty: who need gold - yellow
(32:19 / All) 100PercentBlack: I do
(32:23 / All) 100PercentBlack: Give me some yellow
(32:29 / All) GLHF.Lemonparty: give him gold and you may live
(32:37 / All) GLHF.Lemonparty: otherwise all of your pheasants die
(32:44 / All) TOMBOY_LESBlAN: pink is retarded
(32:49 / All) TOMBOY_LESBlAN: he team kill
(32:50 / All) GLHF.Lemonparty: you are french
(32:54 / All) GLHF.Lemonparty: please be quiet
(32:55 / All) TOMBOY_LESBlAN: and so?
(33:00 / All) GLHF.Lemonparty: french people are homosex
(33:01 / All) TOMBOY_LESBlAN: i can speak 3 languages
(33:07 / All) GLHF.Lemonparty: I can too. english, latin, and gaelic
(33:08 / All) TOMBOY_LESBlAN: it means that im more intelligent
(33:18 / All) GLHF.Lemonparty: not really, I can speak multiple languages too
(33:26 / All) GLHF.Lemonparty: deficere, catamite
(33:33 / All) TOMBOY_LESBlAN: french english and spanish
(33:42 / All) GLHF.Lemonparty: those are shit languages belonging to pissant cultures
(33:57 / All) TOMBOY_LESBlAN: even english?
(34:01 / All) GLHF.Lemonparty: yes
(34:14 / All) MEXICANS-SMELL: my mom's unsummon pink unless oj contest
(37:26 / All) GLHF.Lemonparty: +30 damage on my dl
(37:45 / All) 100PercentBlack: well hello mr fancy pants
(37:54 / All) MEXICANS-SMELL: i may be on later tonight
(38:02 / All) GLHF.Lemonparty: only +9 on my dk since creeps kept dropping circlets
(38:04 / All) MEXICANS-SMELL: want to watch sacrmanto kings play, see what they say about coach
(38:05 / All) MEXICANS-SMELL: no
(38:26 / All) TOMBOY_LESBlAN: im a girl who loves other girls
(38:37 / All) TOMBOY_LESBlAN: but im also a girl who loves other boys
(38:38 / All) GLHF.Lemonparty: kill yourself, french shiteating slut
(39:32 / All) GLHF.Lemonparty: I have every upgrade
(40:41 / All) MEXICANS-SMELL: bitch
(41:41 / All) GLHF.Lemonparty: already working on another t3 nigger
(41:51 / All) MEXICANS-SMELL: i am completley dead no units or buildings, do i hvae permission to leave
(41:58 / All) GLHF.Lemonparty: you may
(42:01 / All) GLHF.Lemonparty: which team gets loss?
(42:09 / All) 100PercentBlack: My team I guess
(42:10 / All) MEXICANS-SMELL: yellow still in gae u 2 play
(43:05 / All) MEXICANS-SMELL: take him on pink dont be a wimp
(43:11 / All) GLHF.Lemonparty: waiting on 100/100 army
(43:48 / All) GLHF.Lemonparty: if he has green's units it won't be a fair fight anyway
(43:49 / All) MEXICANS-SMELL: i may be on tonight GOOD WORK NIGGAS
(45:34 / All) TOMBOY_LESBlAN: pink is retarded
(45:37 / All) GLHF.Lemonparty: ty
(45:40 / All) GLHF.Lemonparty: you are french
(45:41 / All) TOMBOY_LESBlAN: np
(45:43 / All) GLHF.Lemonparty: kill yourself and leave
(45:45 / All) GLHF.Lemonparty: our team lost
(45:49 / All) GLHF.Lemonparty: oj is a friend
(45:59 / All) GLHF.Lemonparty: just waiting on 100.100 army battle
(46:15 / Allies) TOMBOY_LESBlAN: ur retarded
(46:21 / Allies) TOMBOY_LESBlAN: u dont master at least 2 languages
(46:23 / Allies) TOMBOY_LESBlAN: it'S normal
(46:25 / Allies) TOMBOY_LESBlAN: ur american
(46:27 / Allies) TOMBOY_LESBlAN: ur stupid
(46:28 / Allies) TOMBOY_LESBlAN: racist
(46:35 / All) GLHF.Lemonparty: I am scottish-canadian jew
(46:57 / Allies) TOMBOY_LESBlAN: then u should support bilinguism in canada
(47:03 / All) GLHF.Lemonparty: kill yourself
(47:08 / All) GLHF.Lemonparty: all canadians hate the french
(47:27 / All) TOMBOY_LESBlAN: when we wanna break up with canada
(47:31 / All) TOMBOY_LESBlAN: u come crying saying NO
(47:35 / All) TOMBOY_LESBlAN: stay in canada
(47:37 / All) TOMBOY_LESBlAN: xD
(47:45 / All) GLHF.Lemonparty: I'd be happy if you do so that I do not have to associate myself with such pondscum
(48:22 / All) TOMBOY_LESBlAN: STUPID PEOPLE FROM NOVA SCOTIA
(48:34 / All) GLHF.Lemonparty: I live in BC you clown, no idea how that's relevant
(48:55 / All) TOMBOY_LESBlAN: im from ontario
(49:08 / All) GLHF.Lemonparty: cool, now go castrate yourself and remove yourself from the gene pool you french fuck
(49:29 / All) 100PercentBlack: fucking unresponseive hero again
(49:45 / All) TOMBOY_LESBlAN: we loose because of pink
(50:15 / All) GLHF.Lemonparty: we lost because turncoat stabbed, flamechamp and I stabbed
(50:21 / All) GLHF.Lemonparty: we chose you as the loser from the start when you were french
(50:42 / All) TOMBOY_LESBlAN: it goes against the canadian charters of rights
(50:50 / All) GLHF.Lemonparty: stabbing you in wc3 does? LOL
(50:57 / All) GLHF.Lemonparty: kill yourself
(51:04 / All) TOMBOY_LESBlAN: on the purpose that im french
(51:05 / All) TOMBOY_LESBlAN: yes
(51:15 / All) GLHF.Lemonparty: because you're french, I cannot stab you in wc3. riiight
(51:26 / All) TOMBOY_LESBlAN: you cannot say that im inferior
(51:31 / All) GLHF.Lemonparty: I am afraid for the human race if you are french
(51:33 / All) TOMBOY_LESBlAN: and ask me to kill myselft
(51:38 / All) GLHF.Lemonparty: kill yourself
(52:21 / All) GLHF.Lemonparty: yellow, did you cut your throat yet?
(52:22 / All) GLHF.Lemonparty: please do so
(52:26 / All) GLHF.Lemonparty: for the sake of mankind
(52:28 / All) GLHF.Lemonparty: french fuck
(52:39 / All) TOMBOY_LESBlAN: leave canada
(52:40 / All) TOMBOY_LESBlAN: asshole
(52:47 / All) GLHF.Lemonparty: leave the gene pool, frenchman
(52:57 / All) GLHF.Lemonparty: you are a disgrace to the non-french master race
(53:47 / All) TOMBOY_LESBlAN: ur simply racist
(53:48 / All) GLHF.Lemonparty: yellow, you are so bad at WC3 you have a French w/l record
(53:52 / All) TOMBOY_LESBlAN: RACIST
(53:55 / All) GLHF.Lemonparty: since all your kind do is submit and surrender
(54:05 / All) GLHF.Lemonparty: french are not a race, they are mindless insects to be squished
(54:48 / All) GLHF.Lemonparty: yellow, you realise we have no chance to win this and this was the intention right?
(54:54 / All) GLHF.Lemonparty: I'm just staying to troll you more
(54:57 / All) GLHF.Lemonparty: frenchman
(55:11 / All) 100PercentBlack: I think my team should get the loss
(55:19 / All) GLHF.Lemonparty: yellow is still in-game. I disagree
(55:25 / All) 100PercentBlack: He sucks anyway
(55:49 / All) 100PercentBlack: Yellow if you leave
(55:52 / All) 100PercentBlack: You will avoid a loss
(55:54 / All) GLHF.Lemonparty: I usually give better players the wins
(56:00 / All) GLHF.Lemonparty: You can leave and get a tie, yellow
(56:01 / All) TOMBOY_LESBlAN: HOW SO?
(56:10 / All) 100PercentBlack: If you leave I will leave and give my team the loss
(56:12 / All) GLHF.Lemonparty: If you leave, it's a tie instead of a loss
(56:15 / All) 100PercentBlack: You don't get a loss on your record
(56:20 / All) GLHF.Lemonparty: Just like what the French do in history, yellow, you can surrender
(56:27 / All) GLHF.Lemonparty: Owned
(56:30 / All) GLHF.Lemonparty: Well done, fun match
(56:32 / All) GLHF.Lemonparty: MSN